Cogmind - Beta 12 *** ADVENTURER MODE // 2023.12.09 @ 06:39:25 Player: BreakerZirconia Result: Destroyed by as-74872 with Assembled Maul Performance ------------- Evolutions (1) 500 Regions Visited (4) 800 Robots Destroyed (19) 95 Value Destroyed (563) 563 Prototype IDs (0) 0 Alien Tech Used (0) 0 Bonus (21) 21 TOTAL SCORE: 1979 Bonus ------- Follower Combat Kills 21 Cogmind --------- Core Integrity 0/400 Matter 300/300 Energy 14/100 System Corruption 11% Temperature Cool (0) Movement Core (500) Ox9 Location -9/Mines Parts ------- > --- POWER (1) -------- (None) > --- PROPULSION (2) --- (None) > --- UTILITY (3) ------ Cooling System Large Storage Unit Medium Armor Plating > --- WEAPON (3) ------- (None) > --- INVENTORY (15) --- Terrain Scan Processor Peak State ------------ > --- POWER ------------ Light Ion Engine > --- PROPULSION ------- Compact Wheel Compact Wheel > --- UTILITY ---------- Large Storage Unit ECM Suite Weapon Shielding > --- WEAPON ----------- Beamcaster Light Assault Rifle Rocket Launcher > --- INVENTORY -------- Ion Engine Flight Unit Flight Unit Cooling System Propulsion Shielding Medium Armor Plating Medium Laser Particle Gun [Rating: 15] Favorites ----------- Power Ion Engine Engine Ion Engine Propulsion Light Treads Treads Light Treads Wheel Compact Wheel Flight Unit Flight Unit Utility ECM Suite Device ECM Suite Storage Large Storage Unit Protection Propulsion Shielding Weapon Light Assault Rifle Energy Gun Beamcaster Ballistic Gun Light Assault Rifle Launcher Rocket Launcher Special Weapon Mining Laser Build | -11 -10 -10 -9 -9 ------- Run | Jun Mat Min Mat Min Slots Evolved 2 | . . . 2 . Power . | . . . . . Propulsion . | . . . . . Utility 1 | . . . 1 . Weapon 1 | . . . 1 . Parts Attached 34 | 6 7 4 13 4 Power 5 | 1 2 1 1 . Engine 5 | 1 2 1 1 . Core . | . . . . . Reactor . | . . . . . Propulsion 10 | 2 2 . 6 . Treads 2 | 2 . . . . Leg . | . . . . . Wheel 4 | . 2 . 2 . Hover . | . . . . . Flight 4 | . . . 4 . Utility 7 | 1 2 . 2 2 Device 2 | . 1 . . 1 Storage 2 | 1 1 . . . Processor . | . . . . . Hackware . | . . . . . Protection 3 | . . . 2 1 Artifact . | . . . . . Weapon 12 | 2 1 3 4 2 Energy Gun 6 | 1 1 1 3 . Energy Cannon . | . . . . . Ballistic Gun 2 | 1 . 1 . . Ballistic Cannon . | . . . . . Launcher 1 | . . . 1 . Special Weapon 3 | . . 1 . 2 Impact Weapon . | . . . . . Slashing Weapon . | . . . . . Piercing Weapon . | . . . . . Special Melee Weapon . | . . . . . Unidentified Prototypes . | . . . . . Parts Lost 20 | . 1 3 7 9 Power 3 | . . 1 1 1 Propulsion 4 | . . 1 2 1 Utility 3 | . . . 1 2 Weapon 10 | . 1 1 3 5 Highest Loss Streak 8 | . 1 3 3 8 To Critical Strikes . | . . . . . Average Slot Usage (%) 89 | . 97 89 88 69 Engine 11 | . 14 13 9 7 Treads 5 | . 22 . . . Wheel 10 | . 5 19 7 8 Flight 2 | . . . 7 . Device 12 | . 12 14 11 10 Storage 12 | . 14 14 11 11 Protection 3 | . . . 9 8 Energy Gun 14 | . 13 11 18 22 Ballistic Gun 10 | . 14 14 6 . Launcher 2 | . . . 6 . Naked Turns . | . . . . . Heaviest Build 38 | 12 30 31 38 34 Greatest Support 40 | 3 40 26 32 12 Greatest Overweight (x) 10 | 3 4 1 10 9 Average Overweight (x) 1 | 1 1 . 2 2 Largest Inventory Capacity 15 | 8 15 15 15 15 Average Capacity 13 | 6 9 15 15 15 Most Carried 11 | 3 5 11 9 5 Average Carried 5 | 1 3 8 5 4 Final Capacity 15 | 8 15 15 15 15 Final Carried 10 | 3 5 10 5 1 Class Distribution -------------------- 88% | Mutant 7% | Scavenger-Mutant 3% | Tank Dominant Class ---------------- Mutant | -10/Materials Mutant | -10/Mines Mutant | -9/Materials Mutant | -9/Mines Resources | -11 -10 -10 -9 -9 ----------- Run | Jun Mat Min Mat Min Matter Collected 565 | 260 44 106 135 20 Remotely . | . . . . . Salvage Created 717 | . 123 179 375 40 Parts 41 | . 5 17 19 . Haulers Intercepted . | . . . . . Recyclers Shooed . | . . . . . Parts Field Recycled . | . . . . . Retrieved Matter . | . . . . . Parts Self-Destructed . | . . . . . Prevented . | . . . . . Kills | -11 -10 -10 -9 -9 ------- Run | Jun Mat Min Mat Min Combat Hostiles Destroyed 23 | . 3 8 8 4 Guns 22 | . 3 8 8 3 Cannons 1 | . . . . 1 Classes Destroyed 4 | . 1 1 1 1 Swarmer 6 | . . 6 . . Grunt 11 | . 3 2 6 . Sentry 2 | . . . 2 . Assembled 4 | . . . . 4 Best Kill Streak 3 | . 2 2 3 3 Combat Bots Only 3 | . 2 2 3 3 Max Kills in Single Turn 1 | . 1 1 1 1 Gunslinging . | . . . . . Exploded . | . . . . . Melee . | . . . . . Uniques/NPCs Destroyed . | . . . . . Combat | -11 -10 -10 -9 -9 -------- Run | Jun Mat Min Mat Min Damage Taken 1993 | . 412 295 464 822 Core 553 | . 71 81 99 302 Absorbed by Shields . | . . . . . Redirected to Shielding 67 | . . . 42 25 Core Remaining (%) 69 | 100 . 39 . . Volleys Fired 116 | . 27 38 37 14 Largest 3 | . 2 2 2 3 Hottest 155 | . 70 120 95 155 Shots Fired 167 | . 33 47 58 29 Gun 161 | . 33 45 58 25 Cannon . | . . . . . Launcher . | . . . . . Special 6 | . . 2 . 4 Kinetic 91 | . 19 38 34 . Thermal 76 | . 14 9 24 29 Explosive . | . . . . . Electromagnetic . | . . . . . Robot Hit Streak 19 | . 19 13 12 6 Robot Miss Streak 3 | . 1 3 3 1 Penetration Max . | . . . . . Secondary Targets 3 | . 1 1 1 . Max Gunslinging Chain 1 | . 1 1 1 . Shots Hit Robots 123 | . 27 34 43 19 Core Hits 49 | . 7 14 15 13 Critical Kills . | . . . . . Critical Parts Destroyed 1 | . . 1 . . Critical Strikes 8 | . 1 1 6 . Burn 7 | . 1 . 6 . Destroy 1 | . . 1 . . Melee Attacks . | . . . . . Impact . | . . . . . Slashing . | . . . . . Piercing . | . . . . . Sneak Attacks . | . . . . . Combat Hostiles . | . . . . . Follow-up Attacks . | . . . . . Damage Inflicted 1449 | . 287 318 563 281 Guns 1382 | . 287 318 563 214 Cannons . | . . . . . Explosions . | . . . . . Melee . | . . . . . Ramming 19 | . . . . 19 Kinetic 578 | . 127 244 207 . Thermal 852 | . 160 74 356 262 Explosive . | . . . . . Electromagnetic . | . . . . . Impact . | . . . . . Slashing . | . . . . . Piercing . | . . . . . Highest Corruption 11 | . . . . 11 Average Corruption 6 | . . . . 6 Corruption Purged . | . . . . . Corruption Blocked . | . . . . . Effects 3 | . . . . 3 Message Errors 1 | . . . . 1 Matter Fused 1 | . . . . 1 Energy Discharges 1 | . . . . 1 Overload Shots . | . . . . . Overflow Damage . | . . . . . Projectiles . | . . . . . Explosions . | . . . . . Melee . | . . . . . Knockbacks . | . . . . . Impact . | . . . . . Kinetic . | . . . . . Secondary . | . . . . . Self-Inflicted Damage 8 | . . . . 8 Shots . | . . . . . Rammed 8 | . . . . 8 Targets Rammed 8 | . . . . 8 Kicked . | . . . . . Crushed . | . . . . . Highest Temperature 401 | . 83 173 295 401 Average Temperature 128 | . 25 80 119 219 Received Heat Transfer 745 | . 327 63 315 40 Effects 2 | . . . 1 1 Energy Bleed 1 | . . . 1 . Short Circuit 1 | . . . . 1 Siege Activations . | . . . . . Robots Corrupted . | . . . . . Combat Hostiles . | . . . . . Parts Fried . | . . . . . Impact Corruptions . | . . . . . Robots Melted . | . . . . . Combat Hostiles . | . . . . . Parts Melted 8 | . 1 . 7 . Heat Transferred 2437 | . 496 222 1086 633 Parts Sabotaged . | . . . . . Parts Stolen . | . . . . . Parts Stripped . | . . . . . Power Chain Reactions . | . . . . . Missiles Intercepted . | . . . . . Alert | -11 -10 -10 -9 -9 ------- Run | Jun Mat Min Mat Min Peak Influence 165 | . 70 143 165 19 Initial 22 | . . . 22 19 Average 45 | . 21 69 58 11 Maximum Alert Level . | . . . . . Low Security (%) 100 | 100 100 100 100 100 Level 1 . | . . . . . Level 2 . | . . . . . Level 3 . | . . . . . Level 4 . | . . . . . Level 5 . | . . . . . High Security . | . . . . . Max Security . | . . . . . Squads Dispatched 2 | . . . 2 . Investigation . | . . . . . Extermination . | . . . . . Reinforcement 2 | . . . 2 . Assault . | . . . . . Garrison . | . . . . . Intercept . | . . . . . Searches Triggered . | . . . . . Construction Impeded . | . . . . . Haulers Reinforced . | . . . . . Active Scanning Responses . | . . . . . Cargo Convoy Interrupts . | . . . . . Stealth | -11 -10 -10 -9 -9 --------- Run | Jun Mat Min Mat Min Distress Signals 1 | . . . 1 . Communications Jammed . | . . . . . Distress Signals . | . . . . . Times Spotted 40 | . 6 12 13 9 Peak Tracking Total 7 | . 4 3 3 7 Tactical Retreats 4 | . . 2 1 1 Traps | -11 -10 -10 -9 -9 ------- Run | Jun Mat Min Mat Min Traps Triggered . | . . . . . Indirectly . | . . . . . Trap Hack Attempts . | . . . . . Triggered . | . . . . . Disarmed . | . . . . . Reprogrammed . | . . . . . Reused . | . . . . . Traps Extracted . | . . . . . Installed . | . . . . . Triggered . | . . . . . Machines | -11 -10 -10 -9 -9 ---------- Run | Jun Mat Min Mat Min Machines Disabled . | . . . . . Max in Single Turn . | . . . . . Machines Repaired . | . . . . . Machines Sabotaged . | . . . . . Overloaded Fab Kills . | . . . . . Hacking | -11 -10 -10 -9 -9 --------- Run | Jun Mat Min Mat Min Machines Accessed 5 | . 3 . 2 . Terminals 5 | . 3 . 2 . Fabricators . | . . . . . Repair Stations . | . . . . . Recycling Units . | . . . . . Scanalyzers . | . . . . . Garrison Access . | . . . . . Total Hacks 10 | . 6 . 4 . Successful 3 | . 2 . 1 . Failed 7 | . 4 . 3 . Catastrophic . | . . . . . Database Lockouts . | . . . . . Manual . | . . . . . Terminals 10 | . 6 . 4 . Fabricators . | . . . . . Repair Stations . | . . . . . Recycling Units . | . . . . . Scanalyzers . | . . . . . Garrison Access . | . . . . . Terminal Hacks 3 | . 2 . 1 . Branch Access Points 1 | . 1 . . . Emergency Access Points 1 | . . . 1 . Hauler Manifests 1 | . 1 . . . Fabricator Hacks . | . . . . . Repair Station Hacks . | . . . . . Recycling Unit Hacks . | . . . . . Scanalyzer . | . . . . . Garrison Access Hacks . | . . . . . Unauthorized Hacks . | . . . . . Terminals . | . . . . . Fabricators . | . . . . . Repair Stations . | . . . . . Recycling Units . | . . . . . Scanalyzers . | . . . . . Garrison Access . | . . . . . Data Cores Recovered . | . . . . . Used . | . . . . . Hacking Detections 5 | . 3 . 2 . Full Trace Events . | . . . . . Feedback Events . | . . . . . Feedback Blocked . | . . . . . Robot Schematics Acquired . | . . . . . Robots Built . | . . . . . Authchips . | . . . . . Time . | . . . . . Total Robot Build Rating . | . . . . . Part Schematics Acquired . | . . . . . Parts Built . | . . . . . Authchips . | . . . . . Time . | . . . . . Total Part Build Rating . | . . . . . Parts Repaired . | . . . . . Time . | . . . . . Parts Recycled . | . . . . . Recycled Matter . | . . . . . Retrieved Matter . | . . . . . Retrieved Components . | . . . . . Parts Scanalyzed . | . . . . . Part Schematics Acquired . | . . . . . Parts Damaged . | . . . . . Bothacking | -11 -10 -10 -9 -9 ------------ Run | Jun Mat Min Mat Min Used RIF Installer . | . . . . . Robots Hacked . | . . . . . Non-combat . | . . . . . Combat . | . . . . . Robot Hacks Applied . | . . . . . Relay Couplers Released . | . . . . . Fabnet Peak Effective % . | . . . . . Robots Rewired . | . . . . . Allies Hacked . | . . . . . Hacks Repelled . | . . . . . Allies | -11 -10 -10 -9 -9 -------- Run | Jun Mat Min Mat Min Total Allies 1 | . . 1 . . Largest Group 1 | . . 1 . . Highest-Rated Group 31 | . . 31 . . Highest-Rated Ally 31 | . . 31 . . Total Orders . | . . . . . Ally Attacks 9 | . . 9 . . Total Damage 127 | . . 127 . . Kills 3 | . . 3 . . Allies Corrupted . | . . . . . Allies Melted . | . . . . . Intel | -11 -10 -10 -9 -9 ------- Run | Jun Mat Min Mat Min Robot Analysis Total . | . . . . . Derelict Logs Recovered 4 | . . 1 . 3 Drone Launches . | . . . . . Drone Recoveries . | . . . . . Exploration | -11 -10 -10 -9 -9 ------------- Run | Jun Mat Min Mat Min Turns Passed 2457 | 165 593 795 694 210 Spaces Moved 1504 | 113 319 626 350 96 Core 226 | 113 96 . 10 7 Treads 119 | . 119 . . . Legs . | . . . . . Wheels 1107 | . 104 626 288 89 Hover . | . . . . . Flight 52 | . . . 52 . Fastest Speed 50 | 50 105 90 115 120 Average Speed 138 | 136 162 111 164 141 Slowest Speed 550 | 200 250 115 550 500 Overloaded Moves . | . . . . . Propulsion Burnouts . | . . . . . Robots Hopped . | . . . . . Cave-ins Triggered . | . . . . . Exploration Rate (%) 34 | 5 42 87 21 16 Regions Visited 4 Branch Regions 2 Pre-discovered Areas 1 | . . 1 . . Known Exits Taken 1 | . 1 . . . Unknown Exits Taken 3 | 1 . 1 1 . Scrap Searched 1 | . . 1 . . Spaces Dug . | . . . . . Terrain Destroyed 3 | . . 2 . 1 Melee . | . . . . . Projectile 3 | . . 2 . 1 AOE . | . . . . . Terrain Rammed . | . . . . . Walls Destroyed . | . . . . . Machines Disabled . | . . . . . Actions | -11 -10 -10 -9 -9 --------- Run | Jun Mat Min Mat Min Total 1709 | 121 363 680 416 129 Wait 19 | . 3 . 9 7 Move 1500 | 112 318 625 349 96 Hop . | . . . . . Pick Up 18 | 3 4 8 3 . Fast Attach 13 | 6 1 3 3 . Attach 16 | . 3 . 9 4 Detach 6 | . 2 1 3 . Swap 5 | . 3 1 1 . Drop 8 | . 2 4 2 . Fire 116 | . 27 38 37 14 Melee . | . . . . . Ram 8 | . . . . 8 Kick . | . . . . . Crush . | . . . . . Escape Stasis . | . . . . . Rewire . | . . . . . Trap . | . . . . . Miscellaneous . | . . . . . Route ------- -11/Junkyard -10/Materials (discovered 2 exits: *Mat / *Min) -10/Mines (discovered 2 exits: *Mat x2) -9/Materials -9/Mines (discovered 1 exit: Mat) History --------- Turn | Location | Event 6 | -11/Junkyard | Discovered new exit (range 15) 166 | -11/Junkyard | Entered Materials 305 | -10/Materials | Build established: Mutant 341 | -10/Materials | Identified exit to Mines 496 | -10/Materials | Discovered new exit (range 10) 759 | -10/Materials | Entered Mines 867 | -10/Mines | Learned location of Zion (-7) 890 | -10/Mines | Received a Mining Laser from a helpful Derelict 1071 | -10/Mines | Lost 3 parts (1p1n1w) 1147 | -10/Mines | Discovered new exit (range 14) 1202 | -10/Mines | Received a Rocket Launcher from a helpful Derelict 1242 | -10/Mines | Core integrity fell below 50% 1503 | -10/Mines | Discovered new exit (range 11) 1554 | -10/Mines | Entered Materials 1554 | -9/Materials | Evolved 2 slots: Utility x1, Weapon x1 1717 | -9/Materials | Lost 3 parts (1p2n) 2133 | -9/Materials | Discovered new exit (range 7) 2248 | -9/Materials | Entered Mines 2284 | -9/Mines | Learned Materials stockpile data 2288 | -9/Mines | Assembled infested the area 2291 | -9/Mines | Identified exit to Materials 2406 | -9/Mines | Core integrity fell below 50% 2444 | -9/Mines | Core integrity fell below 20% 2445 | -9/Mines | Lost 8 parts (1p1n1u5w) 2450 | -9/Mines | System corruption reached 10% 2458 | -9/Mines | Destroyed by as-74872 with Assembled Maul Last Messages --------------- Slammed into as-74872. Propulsion Shielding destroyed. System corrupted by crushing effect (+1). Mining Laser destroyed. Slammed into as-74872. LZMM= SDAO KGIWGMMLQKBN5XSME Arm. Wheel destroyed. Broken Particle Gun destroyed. System corrupted by crushing effect (+1). Knocked back. System corrupted: Matter fused (-8). Slammed into as-74872. ECM Suite destroyed. System corrupted by crushing effect (+4). Knocked back. [Achievement: System Compromised] Acquired 2 matter. R-06 Scavenger collects Wheel. R-06 Scavenger collects Lgt. Ion Engine. Acquired 18 matter. Map ----- +----------------------------------------------------+ | ?????????????????????????????????????????? | | ?????????????????????????????????????????? | | ?????????????????????????????????????????? | | ?????????????????????????????????????????? | | ?????????????????????????????????????????? | | ?????????????????????????????????????????? | | ?????????????????????????????????????????? | | ?????????????????????????????????????????? | | ?????????????????????????????????????????? | | ?????????????????????????????????????????? | | ?????????????????????????????????????????? | | ?????????????????????????????????????????? | | ?????????????????????????????????????????? | | ?????????????????????????????????????????? | | ?????????????#???????????????????????????? | | ?????????????# ??????????????????????????? | | ?????????????# ??????????????????????????? | | ?????????????# ??????????????????????????? | | ?????????????# ??????????????????????????? | | ?????????????# #?????????????????????????? | | ????????????## ##???????????????????????? | | ???????????## #???????????????????????? | | ??#######?## #???????????? ?????????? | | ?## ## * ######## ????????? | | ?? %"""aa% ????????? | | ?# !"""!@= %r ????????? | | ??# """ ####### = ????????? | | ???????# ##????????? ?????????? | | ???????## #??????????????????????? | | ????????## #??????????????????????? | | ?????????### % #??????????????????????? | | ???????????#%= ##??????????????????????? | | ????????####%#####???????????????????????? | | ????????# %#???????????????????????????? | | ????????#%%# #???????????????????????????? | | ??????###%## ######??????????????????????? | | ??????# %## #??????????????????????? | | ??????# ######### #??????????????????????? | | ??????# #???????# #??????????????????????? | | ???#### ###?????# #??????????????????????? | | ??# #?????# #??????????????????????? | | ??# """ #???### ##?????????????????????? | | ??# """ #???# ##????????????????????? | | ??# """ #???# #????????????????????? | | ??# #???# #????????????????????? | | ??# #???## #????????????????????? | | ??# #????## #????????????????????? | | ??#########?????### #????????????????????? | | ??????????????????? #????????????????????? | | ??????????????????? #????????????????????? | +----------------------------------------------------+ Best States ------------- Heat Dissipation 28 Energy Generation 10 Energy Capacity 250 Matter Stores 300 Matter Capacity 300 Sight Range 16 Terrain Scan Density 10 ECM Strength 1 Resistance: KI 20 Resistance: TH 20 Resistance: EX 20 Resistance: EM 20 Resistance: I 20 Resistance: S 20 Resistance: P 20 Propulsion Shielding 33 Weapon Shielding 33 Evasion (%) 50 Recoil Reduction 2 Offensive Hacking 10 Item Schematics ----------------- None Robot Schematics ------------------ None Fabricated ------------ Nothing Alien Tech Used ----------------- None Achievements -------------- System Compromised Challenges ------------ None Game ------ Seed NeutronGodShotgun Manual? 0 Play Time 00:26:57 Cumulative 5.3 hours Start 2023.12.09 @ 06:14:28 End 2023.12.09 @ 06:39:25 Sessions 1 Manual Loads 0 Difficulty Adventurer Special Mode None Game No. 11 Rogue 4 Adventurer 7 Explorer 0 Win Type - Total 0 Types 0/0/0/0/0/0/0/0/0 Lore% 5 Gallery% 10 Achievement% 9 Wizard Run 0 Options --------- ASCII 0 Keyboard 0 Movement Arrows Keybinds 0 Fullscreen 1 Font 18/SmallcapsGlow Map View 76x50 Tactical HUD 0 Map Filters NONE Filters NONE Steam 1 RUN: 22d42c1f-8da2-41f1-91f7-cfcb1b2c223b